Map: Backwater LE

Players

PtitDrogo - Winner!

  • Race: Protoss Protoss
  • Spawn Location: 11:00

EonBlu

  • Race: Zerg Zerg
  • Spawn Location: 5:00

Event: WCS Leipzig 2018

VOD

Have the link to the VOD?

Description

Time

  • Played on: Jan. 26, 2018, 6:39 a.m.
  • Length: 12:18

All games in this series

Show
View Real Time Build Order
Export as new Build Order

PtitDrogo Protoss - Winner!

Build Orders: 1 Gate Expand, Oracle Opening, Zealot Archon 

Get SALT Encoding   

  12  0:01  Probe  
  13  0:13  Probe  
  14  0:21  Pylon  
  14  0:25  Probe  
  15  0:39  Probe (Chrono Boost)  
  16  0:45  Gateway  
  16  0:48  Probe (Chrono Boost), Assimilator  
  17  0:53  Probe (Chrono Boost)  
  18  1:05  Probe  
  19  1:17  Probe  
  20  1:24  Nexus  
  20  1:35  Cybernetics Core  
  20  1:38  Probe  
  21  1:44  Assimilator  
  21  1:50  Probe  
  21  1:53  Pylon  
  22  2:02  Probe  
  23  2:10  Adept (Chrono Boost)  
  23  2:14  Probe  
  26  2:21  Stargate  
  26  2:24  Warp Gate (Chrono Boost)  
  26  2:27  Probe (Chrono Boost)  
  27  2:32  Adept  
  27  2:36  Probe (Chrono Boost)  
  30  2:39  Probe (Chrono Boost)  
  31  2:46  Probe (Chrono Boost)  
  31  2:47  Probe (Chrono Boost)  
  31  2:51  Probe (Chrono Boost)  
  33  2:53  Probe  
  35  2:59  Adept  
  35  3:03  Probe  
  35  3:05  Probe  
  39  3:06  Oracle (Chrono Boost)  
  42  3:15  Probe, Gateway  
  43  3:22  Pylon  
  43  3:25  Probe  
  44  3:30  Shield Battery  
  44  3:33  Shield Battery  
  44  3:35  Pylon  
  44  3:39  Oracle  
  47  3:46  Probe x2  
  49  3:51  Gateway  
  49  3:58  Probe  
  49  3:59  Probe  
  51  4:16  Phoenix  
  50  4:22  Probe  
  51  4:25  Stalker x2  
  51  4:28  Probe  
  51  4:29  Assimilator  
  51  4:30  Assimilator  
  56  4:31  Pylon  
  56  4:34  Probe  
  57  4:40  Probe  
  56  4:46  Probe  
  56  4:48  Adept x2  
  56  4:51  Twilight Council  
  62  4:52  Probe  
  62  4:55  Robotics Facility  
  62  4:58  Probe  
  63  5:05  Probe, Pylon  
  64  5:12  Pylon  
  64  5:17  Probe x2  
  64  5:18  Pylon  
  66  5:24  Nexus  
  66  5:34  Adept x3  
  69  5:40  Charge (Chrono Boost)  
  69  5:48  Templar Archives  
  69  5:53  Warp Prism  
  71  6:04  Gateway x2  
  71  6:06  Gateway x2  
  71  6:08  Probe x2  
  73  6:20  Probe  
  73  6:21  Probe  
  73  6:24  Pylon  
  75  6:32  Probe  
  76  6:33  Probe  
  76  6:36  Probe  
  78  6:40  Gateway  
  78  6:43  Forge  
  78  6:44  Probe  
  78  6:45  Probe  
  80  6:48  Probe  
  81  6:55  Pylon  
  81  6:56  Probe  
  81  6:57  Probe  
  81  7:00  Probe  
  84  7:02  Zealot x7  
  98  7:09  Probe  
  98  7:11  Probe, Pylon  
  98  7:12  Probe  
  101  7:22  High Templar x2  
  101  7:23  High Templar x4  
  101  7:24  Zealot  
  101  7:27  Archon x3  
  91  7:45  Assimilator  
  91  7:46  Assimilator  
  91  7:50  Zealot  
  82  7:59  Protoss Ground Weapons Level 1 (Chrono Boost)  
  76  8:17  Probe, Immortal (Chrono Boost)  
  76  8:18  Zealot x2  
  76  8:19  Zealot x5  
  81  8:24  Pylon  
  81  8:26  Psionic Storm, Pylon  
  85  8:29  Photon Cannon  
  85  8:30  Photon Cannon  
  85  8:33  Photon Cannon  
  85  8:35  Photon Cannon  
  85  8:40  Oracle  
  88  8:43  High Templar, Photon Cannon  
  88  8:44  High Templar x3, Pylon  
  88  8:46  Observer (Chrono Boost)  
  95  8:56  Gateway, Pylon  
  95  8:57  Zealot x4, Gateway  
  95  8:59  Gateway  
  103  9:05  Immortal (Chrono Boost)  
  107  9:17  Zealot x4  
  107  9:18  Zealot x2  
  119  9:38  High Templar, Immortal (Chrono Boost)  
  119  9:39  High Templar x3, Zealot  
  119  9:42  Archon  
  119  9:43  Archon  
  131  9:52  Protoss Ground Weapons Level 2 (Chrono Boost)  
  131  9:57  Archon x2  
  96  10:13  Immortal  
  100  10:14  Zealot x7  
  100  10:19  Zealot  
  116  10:26  Nexus  
  116  10:27  Pylon  
  116  10:36  Zealot  
  116  10:40  High Templar x2  
  116  10:41  High Templar x2  
  126  10:44  High Templar  
  126  10:45  Zealot  
  126  10:48  Cybernetics Core  
  130  10:50  Photon Cannon x2  
  130  11:00  Zealot x2  
  134  11:09  Immortal (Chrono Boost)  
  138  11:20  High Templar x3  
  138  11:21  High Templar  
  138  11:22  Zealot x3  
  152  11:27  Archon x2  
  152  11:30  Assimilator  
  152  11:32  Pylon  
  152  11:33  Assimilator, Pylon  
  152  11:35  Photon Cannon  
  152  11:36  Immortal  
  152  11:40  Zealot  
  152  11:44  High Templar x2  
  152  11:45  Zealot  
  164  11:48  Archon  
  164  11:56  Zealot x4  
  164  12:00  Dark Shrine  
Show
View Real Time Build Order
Export as new Build Order

EonBlu Zerg 

Build Orders: Hatch First, Lurkers 

Get SALT Encoding   

  12  0:00  Drone  
  13  0:12  Overlord  
  13  0:17  Drone  
  14  0:30  Drone  
  14  0:31  Drone  
  14  0:35  Drone  
  17  0:52  Hatchery  
  17  0:56  Drone  
  17  0:58  Drone  
  18  1:09  Extractor  
  17  1:13  Spawning Pool  
  17  1:16  Drone  
  17  1:20  Drone  
  18  1:27  Drone  
  19  1:41  Overlord  
  19  1:51  Drone  
  20  2:00  Queen  
  23  2:01  Zergling x2  
  23  2:04  Queen  
  23  2:06  Drone  
  26  2:08  Metabolic Boost  
  26  2:11  Drone  
  27  2:27  Hatchery  
  26  2:30  Zergling x2  
  27  2:40  Drone x2  
  27  2:42  Overlord  
  29  2:47  Zergling x4  
  29  2:49  Zergling x2  
  32  2:54  Evolution Chamber  
  31  3:01  Zergling x4  
  33  3:06  Zergling x2  
  33  3:16  Zergling x8  
  33  3:17  Zergling x2  
  38  3:26  Overlord  
  39  3:27  Drone  
  39  3:30  Drone  
  39  3:34  Drone  
  41  3:35  Drone  
  41  3:38  Drone  
  42  3:44  Drone  
  42  3:45  Drone  
  42  3:47  Drone  
  42  3:48  Drone  
  45  3:52  Drone  
  45  3:54  Drone  
  47  3:56  Drone  
  47  4:02  Overlord  
  47  4:05  Drone  
  47  4:07  Drone  
  47  4:09  Drone  
  48  4:13  Drone x2  
  48  4:15  Drone  
  49  4:18  Drone  
  49  4:20  Drone  
  49  4:24  Spore Crawler  
  50  4:25  Spore Crawler  
  50  4:28  Spore Crawler  
  50  4:30  Drone  
  49  4:32  Drone  
  49  4:39  Overlord  
  49  4:41  Lair  
  49  4:42  Drone  
  46  4:50  Drone x2  
  46  4:51  Drone, Overlord  
  48  4:54  Zergling x2  
  48  4:55  Zergling x2  
  48  4:58  Queen  
  52  5:00  Drone  
  52  5:02  Drone  
  52  5:03  Drone  
  52  5:05  Drone  
  56  5:09  Extractor x4  
  56  5:10  Zergling x4  
  54  5:16  Zergling x8  
  58  5:25  Overlord  
  58  5:31  Drone x2  
  58  5:32  Drone x3  
  59  5:42  Zerg Missile Weapons Level 1  
  59  5:43  Drone, Hydralisk Den  
  59  5:44  Drone x5  
  59  5:47  Drone  
  59  5:48  Drone  
  66  5:51  Drone x2  
  66  5:52  Drone  
  66  5:56  Overlord  
  69  6:05  Overlord  
  69  6:08  Extractor, Overlord  
  68  6:17  Muscular Augments  
  68  6:18  Lurker Den  
  67  6:19  Drone x3, Hatchery  
  67  6:21  Drone  
  67  6:24  Overlord  
  69  6:33  Overlord  
  69  6:34  Overlord x2  
  69  6:36  Hydralisk  
  69  6:37  Hydralisk  
  73  6:40  Hydralisk  
  73  6:46  Hydralisk x2  
  75  6:50  Hydralisk  
  75  6:51  Hydralisk  
  75  6:53  Hydralisk  
  85  6:58  Hydralisk  
  85  6:59  Hydralisk  
  89  7:04  Zergling x2  
  89  7:05  Zergling x6  
  91  7:13  Zergling x2  
  91  7:14  Zergling x16  
  94  7:35  Zergling x2  
  94  7:36  Zergling x14  
  84  7:45  Hydralisk x7  
  91  7:57  Hydralisk x3  
  86  8:04  Zerg Missile Weapons Level 2  
  76  8:07  Hydralisk x3  
  76  8:08  Hydralisk  
  75  8:18  Drone x3  
  75  8:19  Drone  
  76  8:22  Lurker  
  76  8:23  Lurker x2  
  76  8:25  Lurker  
  76  8:26  Lurker  
  81  8:28  Zergling x2  
  81  8:32  Lurker  
  83  8:36  Lurker  
  83  8:38  Lurker  
  83  8:39  Lurker  
  86  8:43  Lurker  
  86  8:46  Zergling x2  
  86  8:47  Zergling x4  
  90  8:50  Zergling x4  
  90  8:53  Zergling x2  
  90  8:55  Lurker  
  93  8:57  Zergling x2  
  93  8:59  Zergling x2  
  94  9:10  Hydralisk x3  
  92  9:17  Zergling x2  
  92  9:18  Zergling x6  
  92  9:21  Hydralisk  
  94  9:31  Drone x4  
  95  9:42  Zergling x2  
  95  9:43  Zergling x4  
  98  9:51  Overlord x3  
  62  10:00  Hydralisk x2  
  62  10:01  Hydralisk  
  68  10:07  Hydralisk x2  
  68  10:11  Lurker  
  68  10:12  Zergling x4  
  75  10:18  Queen  
  75  10:20  Lurker x2  
  79  10:22  Lurker  
  77  10:35  Hydralisk x4  
  77  10:38  Lurker  
  77  10:39  Lurker  
  87  10:45  Lurker x3  
  90  10:51  Hydralisk x2  
  92  11:06  Hydralisk  
  92  11:07  Hydralisk x3  
  100  11:13  Zergling x8  
  100  11:14  Zergling x2  
  105  11:20  Hydralisk x2  
  105  11:25  Zergling x4  
  111  11:26  Zergling x2  
  112  11:39  Zergling x6  
  119  11:40  Zergling x10  
  119  11:41  Lurker  
  116  11:59  Zergling x2  
  116  12:00  Zergling x10  
Tags
 
Add a new tag
Caveats
  • Supply blocks, unpowered buildings, or Contaminate may cause inaccurate times.
  • Supply counts are checked every 10 seconds.